 Dungeon Crawl Stone Soup version 0.27-a0-1308-gc08437e49b (webtiles) character file.

Game seed: 10499157609778287939

52073 wakim the Covert (level 14, -6/73 HPs)
             Began as a Vine Stalker Brigand on June 17, 2021.
             Was a Believer of Uskayaw.
             Killed from afar by a rime drake (19 damage)
             ... with a flash freeze
             ... on level 6 of the Lair of Beasts on June 18, 2021.
             The game lasted 01:19:48 (19070 turns).

wakim the Covert (Vine Stalker Brigand)            Turns: 19070, Time: 01:19:48

Health: -6/73      AC: 18    Str: 16    XL:     14   Next: 62%
Magic:  0/22       EV: 17    Int: 11    God:    Uskayaw [**....]
Gold:   242        SH:  0    Dex: 18    Spells: 13/13 levels left

rFire    + + .     SeeInvis +   a - +3 dagger (vamp)
rCold    . . .     Faith    .   (no shield)
rNeg     + . .     Spirit   +   B - +0 swamp dragon scales
rPois    +         Reflect  .   l - +2 helmet
rElec    +         Harm     .   i - +2 cloak
rCorr    .         Rampage  .   z - +2 pair of gloves {Str+3}
Will     +....                  J - +0 pair of boots
Stlth    +++++.....             (no amulet)
HPRegen  1.22/turn              A - ring of see invisible
MPRegen  0.18/turn              P - ring "Arum" {Fly rElec rF++ rN+ Dex-4}

@: flying
A: fangs 3, regeneration 1, magic shield, antimagic bite, no potion heal 2
a: Renounce Religion, Stomp, Line Pass


You were on level 6 of the Lair of Beasts.
You worshipped Uskayaw.
Uskayaw was aware of your devotion.
You visited 3 branches of the dungeon, and saw 17 of its levels.
You also visited: Sewer.

You collected 949 gold pieces.
You spent 707 gold pieces at shops.

Inventory:

Hand Weapons
 a - a +3 vampiric dagger (weapon)
 b - a +2 short sword of electrocution
 y - a +0 rapier of freezing
Missiles
 d - 5 boomerangs (quivered)
 e - 7 curare-tipped darts {=f}
 f - 6 javelins
 n - 3 throwing nets {=f!f}
 p - 102 poisoned darts
Armour
 i - a +2 cloak (worn)
 k - a +3 leather armour of cold resistance
 l - a +2 helmet (worn)
 m - a scarf of resistance
 z - a +2 pair of gloves of strength (worn)
 B - +0 swamp dragon scales (worn)
 J - a +0 pair of boots (worn)
Jewellery
 c - a ring of positive energy
 o - a ring of resist corrosion
 q - a +6 ring of dexterity
 u - a ring of fire
 A - a ring of see invisible (left hand)
 P - the ring "Arum" (right hand) {Fly rElec rF++ rN+ Dex-4}
   (You bought it in a shop on level 5 of the Dungeon)

   [ring of positive energy]

   It affects your dexterity (-4).
   It greatly protects you from fire.
   It insulates you from electricity.
   It protects you from negative energy.
   It grants you flight.
 U - a ring of protection from cold
Wands
 s - a wand of flame (6)
 w - a wand of acid (21)
 x - a wand of iceblast (22)
Scrolls
 g - 2 scrolls of enchant weapon
 h - a scroll of amnesia
 j - 6 scrolls of enchant armour
 r - 3 scrolls of identify
 t - a scroll of brand weapon
 Q - a scroll of immolation {!r!r}
 R - 2 scrolls of magic mapping {!r}
 S - a scroll of summoning
 T - 6 scrolls of teleportation
 Y - a scroll of blinking {!r}
Potions
 C - a potion of berserk rage {!q}
 D - 4 potions of brilliance
 E - a potion of cancellation
 F - 3 potions of curing
 G - 5 potions of flight
 H - a potion of haste
 I - a potion of invisibility
 K - 2 potions of magic
 L - a potion of lignification {!q}
 M - a potion of mutation {!q}
 N - 5 potions of might
 O - a potion of resistance
Miscellaneous
 v - a lightning rod (4/4)


   Skills:
 - Level 8.0 Fighting
 - Level 10.0 Short Blades
 - Level 6.0 Throwing
 + Level 3.2 Armour
 * Level 11.5 Dodging
 - Level 13.0 Stealth
 + Level 9.4 Invocations
 - Level 6.0 Evocations


You had 13 spell levels left.
You didn't know any spells.
Your spell library contained the following spells:

 Spells                   Type           Power      Damage    Failure   Level
 Magic Dart               Conj           0%         1d3       54%         1
 Summon Small Mammal      Summ           0%         N/A       54%         1
 Call Imp                 Summ           0%         N/A       69%         2
 Searing Ray              Conj           0%         3d3       69%         2
 Call Canine Familiar     Summ           0%         N/A       89%         3
 Dazzling Flash           Conj/Hex       0%         N/A       89%         3
 Summon Guardian Golem    Hex/Summ       0%         N/A       89%         3
 Fulminant Prism          Conj/Hex       0%         3d6       100%        4
 Iskenderun's Mystic Bla  Conj/Tloc      0%         2d3       100%        4
 Summon Ice Beast         Ice/Summ       0%         N/A       100%        4
 Summon Lightning Spire   Summ/Air       0%         N/A       100%        4


Dungeon Overview and Level Annotations

Branches:
Dungeon (10/15)            Temple (1/1) D:5            Lair (6/6) D:8
 Shoals (0/4) Lair:4       Spider (0/4) Lair:4        Sewer (visited)
  Slime: Lair:5-6       Orc: D:9-12

Altars:
Ashenzari
Cheibriados
Dithmenos
Elyvilon
Fedhas
Gozag
Hepliaklqana
Kikubaaqudgha
Makhleb
Nemelex Xobeh
Okawaru
Qazlal
Ru
Sif Muna
Trog
Uskayaw
Vehumet
Wu Jian
Xom
Yredelemnul
Zin
The Shining One

Shops:
D:5 *=

Annotations:
D:7 dig
Lair:4 exclusion: 4 oklob plants
Lair:5 exclusion: oklob plant
Lair:6 exclusion: oklob plant


Innate Abilities, Weirdness & Mutations

You have razor-sharp teeth.
Your natural rate of healing is unusually fast.
When hurt, damage is shared between your health and your magic reserves.
Your bite disrupts and absorbs the magic of your enemies.
Potions cannot restore your health.


Message History

* * * LOW HITPOINT WARNING * * *
The eight-headed hydra completely misses you.
The eight-headed hydra barely misses you.
The eight-headed hydra misses you. x2
The eight-headed hydra bites you but does no damage.
The eight-headed hydra bites you.
* * * LOW HITPOINT WARNING * * *
You hit the eight-headed hydra.
Your bite misses the eight-headed hydra.
The eight-headed hydra is almost dead.
Unknown command.
You hit the eight-headed hydra.
You feel better.
You kill the eight-headed hydra!
The rime drake bites you.
* * * LOW HITPOINT WARNING * * *
You closely miss the rime drake. The rime drake barely misses you.
You hit the rime drake but do no damage.
Your bite misses the rime drake. You closely miss the rime drake.
You bite the rime drake, but do no damage.
The rime drake misses you.
You hit the rime drake.
You feel better.
You bite the rime drake! You drain its power.
You feel invigorated.
The rime drake is moderately wounded.
The ice encasing you melts away.
You hit the rime drake.
You bite the rime drake, but do no damage.
The rime drake is moderately wounded.
The rime drake breathes ice at you. The flash freeze hits you!!
* * * LOW HITPOINT WARNING * * *
You are encased in ice.
Uskayaw will force your foes to helplessly watch your dance.
The ice encasing you melts away. The rime drake closely misses you.
The rime drake breathes ice at you. The flash freeze misses you.
The rime drake breathes ice at you. The flash freeze hits you!!
You die...

..................
...................
P.................P...$....
#...#.........###P.P......#P
...P.#.....#######..........
.......#...####P.# #.....#^.
.....#......##...###....#...
......#.....P#....#......P..
...........P...@.###†.......
.....##.....##.#..##†...P.#
P..P. ##....#..P..##.....##
..P.#P....P#.....k.....##
.......P.P........####
...................#
..................##
..................#
..................#


You could see a rime drake (catching breath).

Vanquished Creatures
  A boulder beetle (Lair:5)
  Harold (D:8)
  11 hydras
  A catoblepas (Lair:4)
  Erica (D:8)
  10 death yaks
  Pikel (D:7)
  A lindwurm (Lair:5)
  A wolf spider (Lair:4)
  A manticore (Lair:4)
  Maurice (D:8)
  Joseph (Lair:1)
  A torpor snail (Lair:2)
  4 black mambas
  Maggie (D:7)
  3 rime drakes (Lair:5)
  7 cane toads
  A kobold demonologist (D:10)
  3 komodo dragons
  An unseen horror (D:6)
  A troll (D:9)
  A wind drake (Lair:4)
  5 polar bears
  25 blink frogs
  Prince Ribbit (D:6)
  31 dream sheep
  A meliai zombie (D:10)
  46 yaks
  A vampire (D:10)
  3 wyverns
  Eustachio (D:4)
  A basilisk (Lair:1)
  2 steam dragons
  An acid dragon (D:9)
  Duvessa (D:4)
  A sky beast (D:8)
  16 water moccasins
  5 orc warriors
  An ice beast (D:8)
  A hornet zombie (D:8)
  4 black bears
  13 wolves
  2 centaurs
  2 lemures (D:7)
  17 bullfrogs
  3 kobold brigands
  4 scorpions
  2 wyvern zombies
  Dowan (D:4)
  17 killer bees (D:8)
  A water moccasin skeleton (D:5)
  6 wights (D:7)
  4 centaur zombies
  A jelly (D:5)
  A hound (D:5)
  7 orc priests
  A bullfrog skeleton (D:5)
  3 iguanas
  10 orc wizards
  A merfolk siren (Sewer)
  A merfolk avatar (Sewer)
  A howler monkey zombie (D:4)
  4 gnolls
  3 river rats (Sewer)
  12 adders
  A shadow imp (D:5)
  A white imp (D:5)
  An adder skeleton (D:4)
  2 worms
  14 dart slugs
  37 orcs
  13 ball pythons
  6 bats
  9 endoplasms
  9 giant cockroaches
  7 goblins
  12 hobgoblins
  A jackal (D:1)
  14 kobolds
  6 quokkas
  9 frilled lizards
  23 rats
483 creatures vanquished.

Vanquished Creatures (others)
  88 fungi
  89 plants
177 creatures vanquished.

Grand Total: 660 creatures vanquished

Notes
Turn   | Place    | Note
-------+----------+-------------------------------------------
     0 | D:1      | wakim the Vine Stalker Brigand began the quest for the Orb.
     0 | D:1      | Reached XP level 1. HP: 11/11 MP: 2/2
   216 | D:1      | Reached skill level 1 in Dodging
   220 | D:1      | Reached skill level 5 in Stealth
   220 | D:1      | Reached XP level 2. HP: 14/15 MP: 3/3
   502 | D:1      | Found a faded altar of an unknown god.
   976 | D:1      | Reached XP level 3. HP: 18/18 MP: 4/4
  2107 | D:2      | Gained mutation: Your natural rate of healing is unusually
                  | fast. [Vine Stalker growth]
  2107 | D:2      | Reached XP level 4. HP: 23/23 MP: 5/5
  2389 | D:2      | Reached XP level 5. HP: 25/26 MP: 6/6
  3490 | D:4      | Found a shimmering altar of Xom.
  3511 | D:4      | Reached XP level 6. HP: 30/30 MP: 5/7
  3564 | D:4      | Reached skill level 5 in Short Blades
  3568 | D:4      | Found a blossoming altar of Fedhas.
  3866 | D:4      | Noticed Eustachio
  3868 | D:4      | Noticed Duvessa
  3889 | D:4      | Noticed Dowan
  3896 | D:4      | Killed Duvessa
  3897 | D:4      | Reached XP level 7. HP: 32/34 MP: 5/8
  3904 | D:4      | Killed Eustachio
  3951 | D:4      | Killed Dowan
  4476 | D:5      | Entered Level 5 of the Dungeon
  4512 | D:5      | Upgraded the game from 0.27-a0-1301-g128193abf8 to
                  | 0.27-a0-1308-gc08437e49b
  4587 | D:5      | Gained mutation: You have razor-sharp teeth. [Vine Stalker
                  | growth]
  4587 | D:5      | Reached XP level 8. HP: 39/39 MP: 9/9
  4830 | D:5      | Found an iron altar of Okawaru.
  4881 | D:5      | Found Fayget's Jewellery Boutique.
  4963 | D:5      | Found Opnun's Assorted Antiques.
  4970 | D:5      | Bought a pair of runed gloves for 210 gold pieces
  5009 | D:5      | Found a staircase to the Ecumenical Temple.
  5152 | Temple   | Entered the Ecumenical Temple
  5308 | D:5      | You fall into a shaft and drop 3 floors!
  5308 | D:8      | Found a staircase to the Lair.
  5308 | D:8      | Noticed a yak
  5426 | D:8      | Noticed Erica
  5426 | D:8      | Noticed a wyvern
  5452 | D:8      | Killed a wyvern
  5453 | D:8      | Reached skill level 5 in Dodging
  5540 | D:8      | Reached XP level 9. HP: 45/45 MP: 10/10
  5579 | D:8      | Noticed Maurice
  5646 | D:8      | Killed Maurice
  5762 | D:8      | Reached skill level 6 in Stealth
  5798 | D:8      | Reached skill level 7 in Stealth
  5858 | D:8      | Noticed Harold
  5903 | D:8      | Killed Harold
  5904 | D:8      | Reached skill level 8 in Stealth
  5904 | D:8      | Reached skill level 5 in Fighting
  5904 | D:8      | Reached XP level 10. HP: 22/51 MP: 4/11
  6634 | D:7      | Noticed Maggie
  6677 | D:7      | Killed Maggie
  7104 | D:6      | Found an opulent altar of Gozag.
  7302 | D:6      | Found a glowing drain.
  7306 | Sewer    | Entered a sewer
  7862 | D:6      | Noticed Prince Ribbit
  7876 | D:6      | Killed Prince Ribbit
  8059 | D:6      | Noticed an unseen horror
  8086 | D:6      | Killed an unseen horror
  8381 | D:6      | Found a hide-covered altar of Uskayaw.
  8389 | D:6      | Became a worshipper of Uskayaw the Reveller
  8568 | D:7      | Noticed Pikel
  8600 | D:7      | Reached * piety under Uskayaw
  8608 | D:7      | Reached ** piety under Uskayaw
  8625 | D:7      | Killed Pikel
  8756 | D:7      | Reached skill level 1 in Invocations
  8756 | D:7      | Reached XP level 11. HP: 58/58 MP: 12/12
  9057 | D:7      | Found a glowing silver altar of Zin.
  9437 | D:8      | Reached *** piety under Uskayaw
  9439 | D:8      | Reached skill level 1 in Armour
  9517 | D:8      | Killed Erica
  9518 | D:8      | Reached skill level 10 in Short Blades
  9582 | D:9      | Reached skill level 1 in Evocations
  9603 | D:9      | Reached **** piety under Uskayaw
  9607 | D:9      | Reached ***** piety under Uskayaw
 10093 | D:9      | Found a white marble altar of Elyvilon.
 10282 | D:10     | Entered Level 10 of the Dungeon
 12265 | Lair:1   | Entered Level 1 of the Lair of Beasts
 12341 | Lair:1   | Reached skill level 5 in Invocations
 12554 | Lair:1   | Noticed Joseph
 12586 | Lair:1   | Killed Joseph
 12894 | Lair:1   | Reached skill level 5 in Evocations
 12965 | Lair:1   | Reached XP level 12. HP: 62/62 MP: 17/17
 13423 | Lair:2   | Noticed a death yak
 13427 | Lair:2   | Noticed a death yak
 13533 | Lair:1   | Killed a death yak
 13692 | Lair:2   | Reached skill level 9 in Stealth
 13744 | Lair:2   | Noticed a death yak
 13744 | Lair:2   | Noticed a death yak
 13747 | Lair:2   | Noticed a death yak
 13749 | Lair:2   | Noticed a death yak
 13752 | Lair:2   | Noticed a death yak
 13767 | Lair:2   | Killed a death yak
 13769 | Lair:2   | Killed a death yak
 13781 | Lair:2   | Killed a death yak
 13782 | Lair:2   | Reached skill level 10 in Stealth
 13789 | Lair:2   | Killed a death yak
 13792 | Lair:2   | Killed a death yak
 13949 | Lair:2   | Killed a death yak
 13950 | Lair:2   | Reached skill level 11 in Stealth
 14675 | Lair:3   | Reached skill level 5 in Throwing
 14718 | Lair:3   | Reached skill level 12 in Stealth
 14882 | Lair:3   | Noticed a four-headed hydra
 14894 | Lair:3   | Killed a four-headed hydra
 14895 | Lair:3   | Reached XP level 13. HP: 65/65 MP: 18/18
 15073 | Lair:3   | Reached skill level 13 in Stealth
 15268 | D:5      | Bought the ring "Arum" {Fly rElec rF++ rN+ Dex-4} for 497
                  | gold pieces
 16212 | Lair:4   | Reached ****** piety under Uskayaw
 16882 | Lair:4   | Found a staircase to the Shoals.
 16977 | Lair:4   | Found a hole to the Spider Nest.
 17731 | Lair:5   | Reached skill level 10 in Dodging
 17793 | Lair:5   | Reached XP level 14. HP: 64/73 MP: 12/20
 18384 | Lair:6   | Entered Level 6 of the Lair of Beasts
 18419 | Lair:5   | HP: 3/73 [seven-headed hydra (1)]
 19070 | Lair:6   | Killed from afar by a rime drake

Illustrated notes

Levels and vault maps discovered:
D:1:      sevenhm_arrival_forest_fort_small_5, layout_loops_corners,
          hellmonk_ecumenical_altar_lost_god, roderic_lattice_a, st_stairs_3
D:2:      layout_loops_ring, serial_aquarium, aquarium_bridge_straight
          [aquarium_subvault_bridge, aquarium_subvault_wall,
          aquarium_subvault_bridge, aquarium_subvault_window],
          aquarium_bridge_square [aquarium_subvault_bridge,
          aquarium_subvault_bridge, aquarium_subvault_window,
          aquarium_subvault_wall], aquarium_window_fake, aquarium_window_fake,
          aquarium_window_fake, aquarium_view_2e, aquarium_balcony_3b,
          corexii_hall_statues_i, minmay_diced_spiral
D:3:      layout_rooms
D:4:      kennysheep_slugbush, layout_loops_corners, grunt_temple_overflow_open,
          minivault_26, nrook_loot_triangle, uniq_eustachio, uniq_duvessa
D:5:      layout_basic, okawaru_metal_pillars_1_2,
          minmay_temple_entry_stoned_glass, serial_shops, shop,
          nicolae_shop_waterfront
D:6:      layout_loops_ring, nicolae_gozag_seed_capital,
          nicolae_uskayaw_suspiria, gup_sewer_entry_spiral, uniq_prince_ribbit1
D:7:      layout_cave_pods, zin_scriptorium, uniq_maggie, uniq_pikel
D:8:      layout_loops_ring, due_lair_maze_entry_diamond, uniq_maurice,
          uniq_erica, uniq_harold
D:9:      layout_cave_pools, elyvilon_altar_1, grunt_ministairs_13
D:10:     layout_gridville
Temple:   eino_wide_crystal_templ
Lair:1:   layout_cave_pods, serial_bayou_shore_b, uniq_joseph
Lair:2:   layout_chaotic_city, serial_bayou_crossing
Lair:3:   layout_chaotic_city
Lair:4:   layout_loops_ring, minmay_shoals_entry_beasts,
          spider_nest_entry_rubble, grunt_megastairs_5,
          infiniplex_staircase_pool_2, minmay_lair_oklob_chamber
Lair:5:   layout_misc_corridors, grunt_megastairs_1
Lair:6:   evilmike_catoblepas_cave, layout_regular_city,
          dpeg_slime_entry_enclosed_altar, chequers_serial_rivers_large_b,
          st_stairs_11, serial_bayou_shore_a

Skill      XL: |  1  2  3  4  5  6  7  8  9 10 11 12 13 14 |
---------------+-------------------------------------------+-----
Short Blades   | 2 3 4 5 6 7 8 9 10 | 10.0
Dodging        | 1 2 3 4 5 6 8 10 11 | 11.5
Stealth        | 5 8 12 13 | 13.0
Fighting       | 2 4 5 6 8 |  8.0
Throwing       | 2 5 6 |  6.0
Invocations    | 1 6 7 9 |  9.4
Armour         | 3 |  3.2
Evocations     | 5 6 |  6.0

Action                   |  1- 3 |  4- 6 |  7- 9 | 10-12 | 13-15 || total
-------------------------+-------+-------+-------+-------+-------++-------
Melee: Dagger            |   109 |   177 |    40 |  1286 |   709 ||  2321
       Bite              |    24 |    70 |    71 |   521 |   271 ||   957
       Short sword       |       |    48 |   169 |    47 |       ||   264
Throw: Dart              |       |       |    17 |    31 |     8 ||    56
       Boomerang         |       |       |       |    24 |    27 ||    51
Invok: Stomp             |       |       |       |    26 |    21 ||    47
       Line Pass         |       |       |       |    10 |     2 ||    12
Evoke: Wand              |       |       |     1 |     4 |     2 ||     7
  Use: Scroll            |     1 |     3 |     4 |    10 |     6 ||    24
       Potion            |       |       |     1 |     1 |     1 ||     3
 Stab: Sleeping          |    15 |     7 |     5 |    32 |    12 ||    71
       Distracted        |       |       |     1 |     2 |     1 ||     4
       Paralysed         |       |       |       |    29 |    40 ||    69
       Confused          |       |       |       |     5 |       ||     5
Armor: Robe              |    25 |    74 |       |       |       ||    99
       Leather armour    |       |       |    73 |   107 |       ||   180
       Swamp dragon scal |       |       |       |   191 |   380 ||   571
Dodge: Dodged            |    48 |   126 |   114 |   712 |   578 ||  1578

Table legend: (Time is in decaauts)
 A = Elapsed time spent in this place.
 B = Non-inter-level travel time spent in this place.
 C = Inter-level travel time spent in this place.
 D = Time resting spent in this place.
 E = Time spent auto-exploring this place.
 F = Levels seen in this place.
 G = Mean time per level.
                   A        B        C        D        E       F      G
               +--------+--------+--------+--------+--------+-----+--------+
         Total |  18157 |  16410 |   1747 |    209 |  11241 |  18 | 1008.7 |
       Dungeon |  11726 |  10426 |   1300 |     36 |   7374 |  10 | 1172.6 |
        Temple |     57 |     48 |      9 |      0 |     47 |   1 |   57.0 |
          Lair |   5986 |   5548 |    438 |    173 |   3638 |   6 |  997.7 |
         Sewer |    386 |    386 |      0 |      0 |    181 |   1 |  386.0 |
               +--------+--------+--------+--------+--------+-----+--------+

Top non-repeatable levels by time:
     D:1: 1814 daAuts
     D:8: 1553 daAuts
    D:10: 1480 daAuts
     D:4: 1322 daAuts
  Lair:4: 1287 daAuts
  Lair:1: 1282 daAuts
  Lair:5: 1235 daAuts
     D:2: 1109 daAuts
     D:6: 1070 daAuts
  Lair:2: 1057 daAuts
     D:7: 1045 daAuts
  Lair:3: 946 daAuts
     D:5: 922 daAuts
     D:9: 836 daAuts
     D:3: 571 daAuts
